 Dungeon Crawl Stone Soup version 0.20-a0-303-g575bbf7 (webtiles) character file.

2962 kr4n3x the Thaumaturge (level 9, 0/49 HPs)
             Began as a Deep Elf Conjurer on Dec 16, 2016.
             Was a Believer of Vehumet.
             Slain by a wolf (6 damage)
             ... led by Grum
             ... on level 8 of the Dungeon on Dec 17, 2016.
             The game lasted 00:25:06 (7377 turns).

kr4n3x the Thaumaturge (Deep Elf Conjurer)          Turns: 7377, Time: 00:25:07

Health: 0/49       AC:  4    Str:  5    XL:     9   Next: 52%
Magic:  5/24       EV: 16    Int: 24    God:    Vehumet [**....]
Gold:   436        SH:  0    Dex: 22    Spells: 12/27 levels left

rFire  . . .     SeeInvis .     x - +4 dagger (speed)
rCold  . . .     Gourm    .     a - +1 robe
rNeg   . . .     Faith    .     (no shield)
rPois  .         Spirit   .     (no helmet)
rElec  .         Reflect  .     (no cloak)
rCorr  .         Harm     +     F - +0 pair of gloves
MR     .....                    (no boots)
Stlth  ++++......               H - amulet of harm
                                p - +2 ring of dexterity
                                u - +5 ring of dexterity

@: very slightly contaminated
A: no striking features
a: Renounce Religion


You were on level 8 of the Dungeon.
You worshipped Vehumet.
Vehumet was pleased with you.
You were hungry.

You visited 2 branches of the dungeon, and saw 9 of its levels.
You also visited: Sewer.

You collected 436 gold pieces.

Inventory:

Hand Weapons
 x - a +4 dagger of speed (weapon)
Armour
 a - a +1 robe (worn)
 F - a +0 pair of gloves (worn)
Rods
 r - a +1 lightning rod (9/9)
   (You found it on level 6 of the Dungeon)
Jewellery
 h - an uncursed ring of fire
 m - an uncursed ring of flight
 p - a +2 ring of dexterity (right hand)
 u - a +5 ring of dexterity (left hand)
 H - an amulet of harm (around neck)
Wands
 n - a wand of digging (11/24)
 o - a wand of iceblast (6/15)
 q - a wand of flame (26/48)
 s - a wand of polymorph (18/24)
 D - a wand of slowing (27/48)
 G - a wand of iceblast (8/15)
Scrolls
 f - 2 scrolls of enchant armour
 k - 3 scrolls of fear
 l - a scroll of blinking
 w - a scroll of fog
 y - a scroll of identify
 A - a scroll of magic mapping
 B - a scroll of teleportation
 I - a scroll of remove curse
Potions
 d - 3 potions of flight
 e - 3 potions of heal wounds
 g - a potion of cure mutation
 i - a potion of might {unknown}
 j - a potion of ambrosia
 v - 2 potions of curing
 C - a potion of agility {unknown}
Books
 b - a book of Conjurations

   Spells                             Type                      Level
   a - Magic Dart                     Conjuration                  1
   b - Searing Ray                    Conjuration                  2
   c - Dazzling Spray                 Conjuration/Hexes            3
   d - Fulminant Prism                Conjuration/Hexes            4
   e - Iskenderun's Mystic Blast      Conjuration                  4
   f - Iskenderun's Battlesphere      Conjuration/Charms           5
Comestibles
 c - 9 bread rations
 t - 3 beef jerkies
 z - 3 meat rations
 E - 5 chunks of flesh


   Skills:
 + Level 2.8 Fighting
 + Level 5.2 Dodging
 + Level 5.7 Stealth
 * Level 9.8 Spellcasting
 * Level 9.3 Conjurations
 - Level 6.8 Charms


You had 12 spell levels left.
You knew the following spells:

 Your Spells              Type           Power        Failure   Level  Hunger
a - Magic Dart            Conj           ####         1%          1    None
b - Searing Ray           Conj           ######       1%          2    None
c - Dazzling Spray        Conj/Hex       ####..       2%          3    None
d - Iskenderun's Mystic   Conj           ######..     1%          4    #......
z - Iskenderun's Battles  Conj/Chrm      ######..     6%          5    ####...


Dungeon Overview and Level Annotations

Branches:
Dungeon (8/15)             Temple (1/1) D:5
   Lair: D:8-11

Altars:
Ashenzari
Cheibriados
Dithmenos
Elyvilon
Fedhas
Gozag
Hepliaklqana
Kikubaaqudgha
Makhleb
Nemelex Xobeh
Okawaru
Qazlal
Ru
Sif Muna
Trog
Uskayaw
Vehumet
Xom
Yredelemnul
Zin
The Shining One

Shops:
D:8 (

Annotations:
D:4 1 runed door
D:8 2 runed doors, Grum


Message History

Aim: a wolf (lightly wounded)
The spray of energy hits the wolf.
The wolf is moderately wounded.
The wolf bites you!
* * * LOW HITPOINT WARNING * * *
Blink to where?
Press: ? - help, Dir - move target cursor, f - you, p - wolf
Okay, then.
The wolf barely misses you.
Blink to where?
Press: ? - help, Dir - move target cursor, p - wolf You are very lightly contaminated with residual magic.
As you read the scroll of blinking, it crumbles to dust.
There is a stone staircase leading up here.
Casting: Dazzling Spray
Confirm with . or Enter, or press ? or * to list all spells.
Okay, then.
You are feeling hungry.
The wolf bites you.
You die...

#...#### #>## # ##..# #.#
...#######..## #.# #..........##
###.# .####..#### #...# . ##.
#...#### #.##...... #..
####.....#####.##...... #.#
#)...###............### #.#
###.##....@hh........## ##.#
#......######..##.####
#..###....### #.###.#
##......#### #h##..# ....##..#
#h#..## ......[##### ##...## #
#.##.......#######...############
..########.8.8.8.....§(hg........
....## #..⌠.⌠.##.#.###...).....


You could see 2 wolves.

Vanquished Creatures
  A spriggan (D:7)
  Menkaure (D:6)
  A water moccasin (D:8)
  A sky beast (D:7)
  A phantom (D:5)
  A necrophage (D:5)
  2 ogres
  A wolf (D:8)
  3 centaurs
  5 big kobolds (Sewer)
  A bullfrog (D:6)
  A wyvern skeleton (D:7)
  2 scorpions
  5 wights (D:7)
  6 howler monkeys
  A bullfrog zombie (D:7)
  2 hounds
  2 orc priests
  A jelly (D:5)
  A bullfrog skeleton (D:8)
  A centaur skeleton (D:5)
  Natasha (thrice) (D:3)
  4 worker ants
  4 iguanas
  4 hound skeletons
  A howler monkey zombie (D:8)
  A worker ant zombie (D:8)
  10 adders
  4 river rats
  7 oozes
  3 worms
  2 dart slugs
  4 leopard geckos
  10 orcs
  4 ball pythons
  3 giant cockroaches
  7 hobgoblins
  5 jackals
  3 quokkas
  10 bats
  4 frilled lizards
  6 goblins
  11 kobolds
  A leopard gecko zombie (D:7)
  A quokka skeleton (D:4)
  16 rats
168 creatures vanquished.

Notes
Turn   | Place    | Note
-------+----------+-------------------------------------------
     0 | D:1      | kr4n3x the Deep Elf Conjurer began the quest for the Orb.
     0 | D:1      | Reached XP level 1. HP: 10/10 MP: 6/6
   266 | D:1      | Reached XP level 2. HP: 15/15 MP: 4/8
   271 | D:1      | Learned a level 2 spell: Searing Ray
   790 | D:2      | Reached skill level 5 in Conjurations
   898 | D:2      | Reached XP level 3. HP: 19/19 MP: 6/10
   903 | D:2      | Learned a level 3 spell: Dazzling Spray
  1774 | D:3      | Noticed Natasha
  1780 | D:3      | Killed Natasha
  1780 | D:3      | Reached XP level 4. HP: 22/24 MP: 5/12
  1800 | D:3      | Noticed Natasha
  1810 | D:3      | Killed Natasha
  1810 | D:3      | Reached skill level 5 in Spellcasting
  2078 | D:3      | Found a faded altar of an unknown god.
  2078 | D:3      | Noticed Natasha
  2083 | D:3      | Killed Natasha
  2083 | D:3      | Reached XP level 5. HP: 28/28 MP: 8/14
  2100 | D:3      | Learned a level 4 spell: Iskenderun's Mystic Blast
  2211 | D:4      | Found a sparkling altar of Nemelex Xobeh.
  2582 | D:4      | Found a stormy altar of Qazlal.
  3029 | D:4      | Found a runed door.
  3091 | D:4      | Reached XP level 6. HP: 28/32 MP: 9/17
  3103 | D:4      | Learned a level 5 spell: Iskenderun's Battlesphere
  3265 | D:5      | Entered Level 5 of the Dungeon
  3423 | D:5      | Found a staircase to the Ecumenical Temple.
  3434 | Temple   | Entered the Ecumenical Temple
  3531 | Temple   | Became a worshipper of Vehumet
  3786 | D:5      | Reached XP level 7. HP: 26/36 MP: 7/19
  4357 | D:6      | Reached skill level 5 in Charms
  4475 | D:6      | Found a glowing drain.
  4524 | Sewer    | Entered a sewer
  5227 | Sewer    | Reached XP level 8. HP: 41/41 MP: 9/21
  5240 | Sewer    | Reached * piety under Vehumet
  5240 | Sewer    | Offered knowledge of Sting by Vehumet.
  5586 | D:6      | Reached skill level 1 in Fighting
  5642 | D:6      | Found a deep blue altar of Sif Muna.
  5644 | D:6      | Found a glowing golden altar of the Shining One.
  5645 | D:6      | Noticed Menkaure
  5650 | D:6      | Killed Menkaure
  5654 | D:6      | Found a shimmering altar of Xom.
  6338 | D:7      | Reached XP level 9. HP: 48/48 MP: 11/23
  6420 | D:7      | Reached skill level 5 in Stealth
  6809 | D:7      | Offered knowledge of Throw Frost by Vehumet.
  7142 | D:8      | Found Feint's Weapon Emporium.
  7146 | D:8      | Reached ** piety under Vehumet
  7191 | D:8      | Reached skill level 5 in Dodging
  7340 | D:8      | Found a large runed door.
  7342 | D:8      | Found a large runed door.
  7348 | D:8      | Noticed Grum
  7377 | D:8      | Slain by a wolf

Vault maps used:
D:1:      dpeg_arrival_tiny_h
D:2:      minmay_pentomino_v4
D:3:      chequers_ecumenical_altar_island, minmay_misc_feat_plants,
          uniq_natasha
D:4:      nicolae_qazlal_eye_of_the_storm, nemelex_xobeh_ov_fountains_minmay,
          first_bread, minmay_misc_feat_nine_boxes, uniq_crazy_yiuf_cottage
D:6:      gammafunk_temple_overflow_forgotten, portal_sewer_entry_b,
          hangedman_decor_diamond_cutter, uniq_menkaure
D:7:      the_bakery, hangedman_minor_gate_pass
D:8:      serial_shops, nicolae_shop_temple_entry_statues_fountains,
          serial_bayou_ford_a, minmay_hollow_rounded_squares, uniq_grum
Temple:   eino_temple_rhombus
Sewer:    sewer_co_tree

Skill      XL: |  1  2  3  4  5  6  7  8  9 |
---------------+----------------------------+-----
Conjurations   | 5 6 7 8 9 |  9.3
Spellcasting   | 4 5 6 7 8 9 |  9.8
Charms         | 4 6 |  6.8
Stealth        | 4 5 |  5.7
Fighting       | 2 |  2.8
Dodging        | 4 5 |  5.2

Action                   |  1- 3 |  4- 6 |  7- 9 || total
-------------------------+-------+-------+-------++-------
Melee: Short sword       |       |     1 |       ||     1
 Cast: Magic Dart        |    90 |   117 |   191 ||   398
       Dazzling Spray    |       |     3 |     2 ||     5
       Iskenderun's Myst |       |     2 |    24 ||    26
       Iskenderun's Batt |       |       |    26 ||    26
  Use: Scroll            |     5 |    10 |     4 ||    19
 Stab: Invisible         |       |     1 |       ||     1
  Eat: Chunk             |     2 |     7 |    17 ||    26
Armor: Robe              |     1 |     5 |     7 ||    13
Dodge: Dodged            |     5 |    19 |    30 ||    54
